 Dungeon Crawl Stone Soup version 0.30.1-9-gdf580d7c3d (webtiles) character file.

Game seed: 10102446605051636461

324 Atelerd the Digger (level 6, -1/36 HPs)
             Began as an Octopode Earth Elementalist on Sept 24, 2023.
             Slain by a scorpion (7 damage)
             ... on level 5 of the Dungeon.
             The game lasted 00:04:43 (4458 turns).

Atelerd the Digger (Octopode Earth Elementalist)    Turns: 4458, Time: 00:04:44

Health: -1/36      AC:  1    Str:  5 (7)  XL:     6   Next: 48%
Magic:  7/11       EV: 13    Int: 14 (17) God:
Gold:   193        SH:  0    Dex: 13 (15) Spells: 7/12 levels left

rFire   . . .        p - +2 short sword (holy)
rCold   . . .        (no shield)
rNeg    . . .        (helmet restricted)
rPois   .            (no amulet)
rElec   .            (no ring)
rCorr   .            (no ring)
SInv    .            (no ring)
Will    .....        (no ring)
Stlth   ++++         (no ring)
HPRegen 0.26/turn    (no ring)
MPRegen 0.12/turn    (no ring)
                     (no ring)

%: no passive effects
@: lethally poisoned (-1 -> -11)
A: almost no armour, amphibious, 8 rings, camouflage 1, gelatinous body 1,
(nimble swimmer 1), tentacles
a: no special abilities


You were on level 5 of the Dungeon.
You visited 1 branch of the dungeon, and saw 5 of its levels.

You collected 193 gold pieces.

Inventory:

Hand Weapons
 e - a +0 short sword
 f - a +1 dagger of speed
 p - a +2 short sword of holy wrath (weapon)
Scrolls
 a - a scroll of identify
 c - a scroll of enchant armour
 g - a scroll of vulnerability
 i - 3 scrolls of teleportation
 l - a scroll of fog {unknown}
 n - 2 scrolls of enchant weapon {unknown}
 o - a scroll of immolation {unknown}
 q - a scroll of blinking {unknown}
Potions
 b - 2 potions of degeneration
 d - a potion of mutation {unknown}
 h - 3 potions of brilliance
 j - a potion of flight {unknown}
 m - a potion of curing
 r - a potion of invisibility {unknown}


   Skills:
 - Level 2.0 Dodging
 + Level 4.3 Stealth
 + Level 3.5 Spellcasting
 - Level 3.0 Transmutations
 + Level 4.9 Earth Magic


You had 7 spell levels left.
You knew the following spells:

 Your Spells              Type           Power      Damage    Failure   Level
a - Sandblast             Erth           32%        2d9       2%          1
p - Petrify               Tmut/Erth      13%        N/A       36%         4

Your spell library contained the following spells:

 Spells                   Type           Power      Damage    Failure   Level
 Passwall                 Tmut/Erth      10%        N/A       6%          2
 Stone Arrow              Conj/Erth      18%        3d8       22%         3
 Sublimation of Blood     Necr           2%         N/A       30%         2
 Irradiate                Conj/Tmut      3%         3d12      97%         5


Dungeon Overview and Level Annotations

Branches:
Dungeon (5/15)
 Temple: D:4-7

Altars:
Ashenzari
Cheibriados
Elyvilon
Makhleb
Wu Jian


Innate Abilities, Weirdness & Mutations

You cannot wear most types of armour.
You are amphibious.
You can wear up to eight rings at the same time.
Your skin changes colour to match your surroundings (Stealth+).
Your rubbery body absorbs attacks. (AC +1, EV +1)
((You are camouflaged when in or above water. (Stealth+)))
You have tentacles for arms and can constrict up to eight enemies at once.


Message History

Ijyb hits you with a +0 club.
You miscast Sandblast.
Nothing appears to happen.
You constrict Ijyb. Ijyb barely misses you.
The blast of sand hits Ijyb.
Ijyb is almost dead.
You constrict Ijyb, but do no damage. Ijyb barely misses you.
The blast of sand hits Ijyb.
You kill Ijyb!
Your magical contamination has completely faded away.
a - a scroll of identify
Things that are here:
a +0 club; a +0 leather armour A scorpion comes into view.
A scorpion is nearby!
A scorpion is nearby!
A scorpion is nearby!
A scorpion is nearby!
A scorpion is nearby!
The blast of sand misses the scorpion.
The scorpion barely misses you.
The blast of sand hits the scorpion!
The scorpion is moderately wounded.
The scorpion stings you. x2
The blast of sand hits the scorpion but does no damage.
The scorpion is moderately wounded.
The scorpion stings you but does no damage.
The scorpion closely misses you.
The blast of sand misses the scorpion.
The scorpion stings you. x2
The blast of sand misses the scorpion.
The scorpion stings you.
You are poisoned.
The scorpion poisons you!
You are too injured to fight recklessly!
You are too injured to fight recklessly!
You are too injured to fight recklessly!
You hit the scorpion. Your grab misses the scorpion.
The scorpion is severely wounded.
You feel very sick. The scorpion stings you.
* * * LOW HITPOINT WARNING * * *
The scorpion stings you!
You die...

#.......####
##...#
#.....###
#...#
##...##
##..# #..##
##.## ###..#
#..#
#####....##
#..#
..........##
#..#
...........#
#.##
#######@...#
#.# ##s...#
##.# #....#
#..# ...##
#..# ..##
#..# ###
#..# #..#
###.## #..##


You could see a scorpion.

Vanquished Creatures
  A hound (D:5)
  2 orc priests (D:3)
  Ijyb (D:5)
  An orc wizard (D:3)
  3 gnolls (D:2)
  5 adders
  A white imp (D:5)
  An ufetubus (D:3)
  5 dart slugs
  4 orcs
  5 bats
  6 endoplasms
  3 giant cockroaches
  11 goblins
  6 hobgoblins
  5 quokkas
  6 ball pythons
  5 frilled lizards
  11 kobolds
  8 rats
90 creatures vanquished.

Notes
Turn   | Place    | Note
-------+----------+-------------------------------------------
     0 | D:1      | Atelerd the Octopode Earth Elementalist began the quest for
                  | the Orb.
     0 | D:1      | Reached XP level 1. HP: 11/11 MP: 3/3
   207 | D:1      | Reached XP level 2. HP: 17/17 MP: 3/5
   690 | D:1      | Reached XP level 3. HP: 21/21 MP: 4/6
  1194 | D:2      | Reached XP level 4. HP: 14/27 MP: 1/7
  1830 | D:3      | Found a broken altar of Ashenzari.
  1973 | D:3      | Reached XP level 5. HP: 23/31 MP: 6/9
  2552 | D:3      | Learned a level 4 spell: Petrify
  2674 | D:3      | Found an ornate altar of the Wu Jian Council.
  2724 | D:4      | Reached XP level 6. HP: 36/36 MP: 8/10
  2782 | D:4      | Found a snail-covered altar of Cheibriados.
  3445 | D:4      | Found a burning altar of Makhleb.
  3447 | D:4      | Noticed an Executioner
  3642 | D:4      | Found a white marble altar of Elyvilon.
  3973 | D:5      | Entered Level 5 of the Dungeon
  3973 | D:5      | Noticed a water moccasin
  3982 | D:4      | HP: 1/36 [poisoned by an adder]
  4287 | D:5      | Noticed Ijyb
  4305 | D:5      | Killed Ijyb
  4458 | D:5      | Slain by a scorpion

Illustrated notes

Levels and vault maps discovered:
D:1:      tarquinn_simple_flora_water_e, layout_loops_ring
D:2:      layout_basic, minmay_vboxes
D:3:      layout_loops_ring, overflow_temple_1_default,
          nzn_wu_jian_council_hall, chequers_mini_garden
D:4:      corexii_shack_village, layout_basic, makhleb_altar_promises_db,
          kennysheep_slug_shrine, elyvilon_altar_4
D:5:      layout_layer_cave, uniq_grinder, uniq_prince_ribbit1, uniq_ijyb

Skill      XL: |  1  2  3  4  5  6 |
---------------+-------------------+-----
Earth Magic    | 4 |  4.9
Transmutations | 2 3 |  3.0
Stealth        | 3 4 |  4.3
Spellcasting   | 3 |  3.5
Dodging        | |  2.0

Action                     |  1- 3 |  4- 6 || total
---------------------------+-------+-------++-------
  Melee: Unarmed           |     4 |       ||     4
         Dagger            |     1 |    19 ||    20
         Constrict         |       |     6 ||     6
         Tentacles         |       |     7 ||     7
         Short sword       |       |     9 ||     9
   Cast: Sandblast         |    40 |    99 ||   139
         Petrify           |       |     1 ||     1
    Use: Potion            |       |     4 ||     4
         Scroll            |       |     3 ||     3
   Stab: Sleeping          |       |     2 ||     2
 Armour: Skin              |       |     5 ||     5
  Dodge: Dodged            |    15 |    56 ||    71
